 Dungeon Sprint DCSS version 0.23.2-40-g277498a001 (webtiles) character file.

Game seed: 5468665859745703832

18632 Cryoshakespeare the Tortoise (level 12, 0/126 HPs)
             Began as a Deep Dwarf Fighter on Sept 23, 2019.
             Was the Champion of Makhleb.
             Killed from afar by a fire giant (31 damage)
             ... with a fireball
             ... in the Dungeon (Sprint IX: "|||||||||||||||||||||||||||||").
             The game lasted 00:12:40 (1744 turns).

Cryoshakespeare the Tortoise (Deep Dwarf Fighter)   Turns: 1744, Time: 00:12:42

Health: 0/126      AC: 29    Str: 25    XL:     12   Next: 29%
Magic:  16/16      EV: 12    Int: 15    God:    Makhleb [******]
Gold:   1225       SH: 14    Dex: 12    Spells: 11/11 levels left

rFire    . . .     SeeInvis .   x - +0 broad axe (chop)
rCold    . . .     Gourm    .   c - +0 shield
rNeg     . . .     Faith    .   L - +2 plate armour {MR+}
rPois    +         Spirit   .   M - +1 helmet
rElec    .         Reflect  .   l - +0 cloak {rPois}
rCorr    .         Harm     .   B - +1 pair of gloves
MR       ++...     NoTele   +   E - +2 pair of boots {run}
Stlth    ..........             (no amulet)
HPRegen  0.00/turn              b - +3 ring of strength
MPRegen  0.15/turn              u - +3 ring of intelligence

@: non-regenerating, quick
A: damage resistance, heal wounds, sense surroundings 2, no regeneration
a: Heal Wounds, Minor Destruction, Lesser Servant of Makhleb, Major Destruction,
Greater Servant of Makhleb, Renounce Religion


You were in the Dungeon.
You worshipped Makhleb.
Makhleb was exalted by your worship.
You were hungry.

You visited 1 branch You collected 1918 gold pieces.
You spent 693 gold pieces at shops.

Inventory:

Hand Weapons
 a - a +0 war axe
 p - the +2 dire flail of Conscience {flame, +Blink rF++ Int+2}
   (You found it in the Dungeon)

   It has been specially enchanted to burn those struck by it, causing extra
   injury to most foes and up to half again as much damage against particularly
   susceptible opponents.
   It affects your intelligence (+2).
   It greatly protects you from fire.
   It lets you blink.
 q - a +3 war axe of freezing
 x - a +0 broad axe of chopping (weapon)
 J - a +3 broad axe
 K - a +0 triple crossbow
Armour
 c - a +0 shield (worn)
 l - a +0 cloak of poison resistance (worn)
 B - a +1 pair of gloves (worn)
 E - a +2 pair of boots of running (worn)
 L - a +2 plate armour of magic resistance (worn)
 M - a +1 helmet (worn)
Jewellery
 b - a +3 ring of strength (left hand)
 u - a +3 ring of intelligence (right hand)
 F - an uncursed ring of protection from cold
 G - an uncursed ring of ice
 H - an uncursed ring of protection from fire
 I - an uncursed ring of ice
Wands
 o - a wand of acid (1)
 s - a wand of random effects (6)
Scrolls
 k - 3 scrolls of blinking
 m - 4 scrolls of remove curse
 n - 2 scrolls of amnesia
 t - 2 scrolls of identify
 y - 2 scrolls of fear
 z - 2 scrolls of fog
 A - 2 scrolls of enchant armour
Potions
 d - 3 potions of brilliance
 e - 7 potions of curing
 g - 10 potions of heal wounds
 h - a potion of haste
 i - 4 potions of magic
 j - a potion of invisibility
 v - a potion of might
 w - a potion of agility
Comestibles
 f - 11 rations
 D - 4 chunks of flesh


   Skills:
 + Level 13.0 Fighting
 + Level 14.9 Axes
 + Level 15.0 Armour
 + Level 8.8 Dodging
 + Level 15.0 Shields
 + Level 12.9 Invocations
 + Level 12.8 Evocations


You had 11 spell levels left.
You didn't know any spells.
Your spell library was empty.

Dungeon Overview and Level Annotations

Branches:
Dungeon (1/1)

Altars:
Cheibriados
Dithmenos
Elyvilon
Fedhas
Gozag
Hepliaklqana
Kikubaaqudgha
Makhleb
Nemelex Xobeh
Okawaru
Qazlal
Ru
Sif Muna
Trog
Uskayaw
Vehumet
Wu Jian
Xom
Yredelemnul
Zin
The Shining One
Beogh
Jiyva
Lugonu

Shops:
D ([![


Innate Abilities, Weirdness & Mutations

You are resistant to damage.
You can heal yourself by infusing magical energy.
You passively map the area around you.
You do not regenerate.


Message History

Press: ? - help, Dir - move target cursor, f - stone giant
Aim: a stone giant (almost dead) Attack!
Your cacodemon completely misses the stone giant.
Your cacodemon hits the stone giant!!
The stone giant dies!
Makhleb accepts your kill.
Your Fighting skill increases to level 13!
Your Shields skill increases to level 15!
Your cacodemon hits the fire giant. Your cacodemon hits the fire giant!!
The fire giant hits your cacodemon with a +1 great sword of flaming!!
The fire giant burns your cacodemon.
Your cacodemon hits the fire giant! x2
The fire giant gestures at your cacodemon while chanting.
The fireball explodes!
The fireball engulfs your cacodemon!!!
Your cacodemon dies!
The fireball engulfs the fire giant!
The fire giant resists.
The fire giant shouts!
The fireball engulfs you!!
You die...

, , , ,, ,,,, ,, , * * ** * ****
* *** * , ,, , ,, ,, , , , , ** *
** * ** ** * * ,, , ,, ,, ,, , *
* * * * * ** * * ,, , , , , * *
▓▓▓▓▓▓▓▓▓▓▓▓▓▓▓▓▓▓▓▓▓▓▓▓▓▓ , ,
.oY.ocWC(@........[[[[.[[[
▓▓▓▓▓▓▓▓▓▓▓▓▓▓▓▓▓▓▓▓▓▓▓▓▓▓▓▓▓▓▓▓▓
.........).......................
▓▓▓▓▓▓▓▓▓▓▓▓▓▓▓▓▓▓▓▓▓▓▓▓▓▓▓▓▓▓▓▓▓
....∩.∩)∩.∩[.)))[.(....))(((()[))
▓▓▓▓▓▓▓▓▓▓▓▓▓▓▓▓▓▓▓▓▓▓▓▓▓▓▓▓▓▓▓▓▓
.................).......).......
▓▓▓▓▓▓▓▓▓▓▓▓▓▓▓▓▓▓▓▓▓▓▓▓▓▓▓▓▓▓▓▓▓
..').).........'....†.††÷'.÷.....


You could see a fire giant, a yaktaur, a freezing wraith, an orc warrior and an
ice beast.

Vanquished Creatures
  A dire elephant (D)
  Josephine (D)
  2 hydras (D)
  Erica (D)
  Urug (D)
  2 ugly things (D)
  3 orc knights (D)
  A manticore (D)
  A black mamba (D)
  8 elephants (D)
  Joseph (D)
  A spiny frog (D)
  3 komodo dragons (D)
  A hippogriff (D)
  3 wraiths (D)
  A yak (D)
  Eustachio (D)
  A basilisk (D)
  2 water moccasins (D)
  3 orc warriors (D)
  2 porcupines (D)
  An ogre (D)
  A wolf (D)
  2 crocodiles (D)
  A centaur (D)
  3 bullfrogs (D)
  A crimson imp (D)
  5 orc priests (D)
  2 jellies (D)
  6 orc wizards (D)
  An iguana (D)
  A worker ant (D)
  An adder (D)
  A shadow imp (D)
  A leopard gecko (D)
  4 orcs (D)
  2 bats (D)
  A hobgoblin (D)
  A kobold (D)
  A rat (D)
76 creatures vanquished.

Vanquished Creatures (collateral kills)
  A stone giant (D)
  6 orc high priests (D)
  8 orc knights (D)
  A cyclops (D)
  Psyche (D)
  A wraith (D)
  A vampire mosquito (D)
  4 orc warriors (D)
  An orc (D)
24 creatures vanquished.

Grand Total: 100 creatures vanquished

Notes
Turn   | Place    | Note
-------+----------+-------------------------------------------
     0 | D        | Cryoshakespeare the Deep Dwarf Fighter began the quest for
                  | the Orb.
     0 | D        | Reached XP level 1. HP: 20/20 MP: 1/1
    29 | D        | Noticed a worker ant
    29 | D        | Noticed a jelly
    29 | D        | Noticed a crimson imp
    29 | D        | Noticed a jelly
    29 | D        | Noticed a centaur
    35 | D        | Killed a centaur
    35 | D        | Reached skill level 5 in Armour
    35 | D        | Reached skill level 5 in Shields
    35 | D        | Reached XP level 2. HP: 25/31 MP: 2/2
    35 | D        | Reached XP level 3. HP: 30/37 MP: 3/3
    35 | D        | Reached XP level 4. HP: 37/45 MP: 4/4
    36 | D        | Reached skill level 5 in Fighting
    36 | D        | Reached skill level 5 in Axes
    43 | D        | Reached XP level 5. HP: 43/52 MP: 5/5
    71 | D        | Found a roughly hewn altar of Beogh.
    71 | D        | Found a snail-covered altar of Cheibriados.
    71 | D        | Found a shadowy altar of Dithmenos.
    71 | D        | Found a white marble altar of Elyvilon.
    71 | D        | Found a blossoming altar of Fedhas.
    71 | D        | Found an opulent altar of Gozag.
    72 | D        | Found a hazy altar of Hepliaklqana.
    73 | D        | Found a viscous altar of Jiyva.
    74 | D        | Found an ancient bone altar of Kikubaaqudgha.
    75 | D        | Found a corrupted altar of Lugonu.
    76 | D        | Found a burning altar of Makhleb.
    77 | D        | Found a sparkling altar of Nemelex Xobeh.
    78 | D        | Found an iron altar of Okawaru.
    79 | D        | Found a stormy altar of Qazlal.
    80 | D        | Found a sacrificial altar of Ru.
    81 | D        | Found a deep blue altar of Sif Muna.
    82 | D        | Found a bloodstained altar of Trog.
    83 | D        | Found a hide-covered altar of Uskayaw.
    84 | D        | Became a worshipper of Makhleb the Destroyer
    85 | D        | Found a radiant altar of Vehumet.
    86 | D        | Found an ornate altar of the Wu Jian Council.
    87 | D        | Found a shimmering altar of Xom.
    88 | D        | Found a basalt altar of Yredelemnul.
    89 | D        | Found a glowing silver altar of Zin.
    90 | D        | Found a glowing golden altar of the Shining One.
   107 | D        | Got the +2 dire flail of Conscience {flame, +Blink rF++
                  | Int+2}
   144 | D        | Noticed a crocodile
   153 | D        | Reached XP level 6. HP: 50/63 MP: 6/6
   159 | D        | Reached * piety under Makhleb
   164 | D        | Reached ** piety under Makhleb
   178 | D        | Noticed a white ugly thing
   178 | D        | Noticed a cyan ugly thing
   178 | D        | Noticed a manticore
   186 | D        | Killed a manticore
   186 | D        | Reached XP level 7. HP: 37/75 MP: 7/7
   196 | D        | Killed a cyan ugly thing
   196 | D        | Reached skill level 10 in Axes
   196 | D        | Reached skill level 10 in Armour
   196 | D        | Reached skill level 10 in Shields
   196 | D        | Reached XP level 8. HP: 37/85 MP: 7/7
   203 | D        | Killed a cyan ugly thing
   203 | D        | Reached *** piety under Makhleb
   336 | D        | Noticed a five-headed hydra
   340 | D        | Reached skill level 1 in Invocations
   340 | D        | Reached skill level 1 in Evocations
   342 | D        | Reached **** piety under Makhleb
   342 | D        | Gained mutation: You passively map the area around you.
                  | [Deep Dwarf growth]
   342 | D        | Reached XP level 9. HP: 59/93 MP: 5/7
   343 | D        | Killed a six-headed hydra
   343 | D        | Reached skill level 10 in Fighting
   345 | D        | Noticed a black mamba
   346 | D        | Reached skill level 5 in Invocations
   346 | D        | Reached skill level 5 in Evocations
   352 | D        | Reached ***** piety under Makhleb
   363 | D        | Killed a black mamba
   396 | D        | Noticed a komodo dragon
   396 | D        | Noticed a komodo dragon
   396 | D        | Noticed an elephant
   396 | D        | Noticed a komodo dragon
   396 | D        | Noticed a seven-headed hydra
   401 | D        | Killed a seven-headed hydra
   401 | D        | Reached XP level 10. HP: 81/103 MP: 10/12
   403 | D        | Noticed a spiny frog
   411 | D        | Killed an elephant
   432 | D        | Reached ****** piety under Makhleb
   461 | D        | Killed a spiny frog
   461 | D        | Reached skill level 1 in Dodging
   577 | D        | Noticed an elephant
   577 | D        | Noticed an elephant
   577 | D        | Noticed an elephant
   577 | D        | Noticed an elephant
   577 | D        | Noticed a dire elephant
   577 | D        | Noticed an elephant
   592 | D        | Killed a dire elephant
   599 | D        | Killed an elephant
   599 | D        | Noticed an elephant
   609 | D        | Killed an elephant
   615 | D        | Killed an elephant
   615 | D        | Reached XP level 11. HP: 114/114 MP: 14/14
   627 | D        | Reached skill level 10 in Evocations
   637 | D        | Reached skill level 10 in Invocations
   743 | D        | Noticed Erica
   756 | D        | Killed Erica
   756 | D        | Reached skill level 5 in Dodging
   790 | D        | Noticed Eustachio
   839 | D        | Killed Eustachio
  1060 | D        | Noticed an orc knight
  1060 | D        | Noticed an orc knight
  1061 | D        | Noticed an orc knight
  1073 | D        | Killed an orc knight
  1076 | D        | Killed an orc knight
  1082 | D        | Killed an orc knight
  1133 | D        | Found Pufyvipa's Armour Boutique.
  1133 | D        | Noticed an orc high priest
  1133 | D        | Noticed an orc knight
  1133 | D        | Noticed an orc knight
  1133 | D        | Noticed an orc knight
  1133 | D        | Noticed an orc high priest
  1134 | D        | Noticed an orc knight
  1137 | D        | Killed an orc high priest
  1139 | D        | Killed an orc knight
  1140 | D        | Noticed an orc high priest
  1143 | D        | Killed an orc knight
  1145 | D        | Noticed a sun demon
  1149 | D        | Killed an orc knight
  1152 | D        | Killed an orc high priest
  1154 | D        | Killed an orc knight
  1157 | D        | Killed an orc high priest
  1160 | D        | Noticed an orc high priest
  1161 | D        | Found Tahuj's Distillery.
  1163 | D        | Found Poheira's Antique Armour Boutique.
  1167 | D        | Killed an orc high priest
  1171 | D        | Found Yrit's Antique Weapon Shop.
  1173 | D        | Noticed an orc high priest
  1174 | D        | Noticed an orc knight
  1175 | D        | Noticed an orc knight
  1176 | D        | Noticed an orc high priest
  1178 | D        | Killed an orc high priest
  1180 | D        | Noticed an orc knight
  1185 | D        | Killed an orc knight
  1211 | D        | Killed an orc knight
  1224 | D        | Killed an orc high priest
  1226 | D        | Killed an orc knight
  1375 | D        | Bought a +2 pair of boots of running for 498 gold pieces
  1404 | D        | Bought a runed cloak for 195 gold pieces
  1482 | D        | Noticed Joseph
  1492 | D        | Killed Joseph
  1504 | D        | Noticed Psyche
  1510 | D        | Killed Psyche
  1534 | D        | Noticed Urug
  1546 | D        | Killed Urug
  1546 | D        | Reached XP level 12. HP: 107/123 MP: 17/17
  1569 | D        | Noticed Josephine
  1577 | D        | Killed Josephine
  1707 | D        | Noticed a stone giant
  1720 | D        | Reached skill level 15 in Armour
  1722 | D        | Noticed a fire giant
  1742 | D        | Killed a stone giant
  1742 | D        | Reached skill level 15 in Shields
  1744 | D        | Killed from afar by a fire giant

Skill      XL: |  1  2  3  4  5  6  7  8  9 10 11 12 |
---------------+-------------------------------------+-----
Fighting       | 4 5 6 8 9 10 11 12 13 | 13.0
Axes           | 4 5 7 9 10 11 12 13 14 | 14.9
Armour         | 5 6 7 9 10 11 12 13 14 15 | 15.0
Shields        | 5 6 7 9 10 11 12 13 14 15 | 15.0
Invocations    | 2 7 9 12 | 12.9
Evocations     | 2 6 9 12 | 12.8
Dodging        | 3 7 8 |  8.8

Action                   |  1- 3 |  4- 6 |  7- 9 | 10-12 || total
-------------------------+-------+-------+-------+-------++-------
Melee: War axe           |    21 |    45 |    39 |   283 ||   388
       Broad axe         |       |       |       |    36 ||    36
Invok: Greater Servant o |       |       |       |     5 ||     5
       Major Destruction |       |       |       |     1 ||     1
 Abil: Heal Wounds       |       |     2 |     5 |    10 ||    17
Evoke: Wand              |       |       |     8 |     1 ||     9
  Use: Potion            |     1 |       |     1 |       ||     2
  Eat: Chunk             |       |       |       |     3 ||     3
Armor: Scale mail        |    10 |     5 |       |       ||    15
       Ring mail         |       |     3 |     3 |       ||     6
       Chain mail        |       |       |    23 |    69 ||    92
       Plate armour      |       |       |       |    17 ||    17
Dodge: Dodged            |    12 |    17 |    15 |    72 ||   116
Block: Shield            |    16 |    25 |    26 |   135 ||   202
